 Dungeon Crawl Stone Soup version 0.29-a0-8-g0446c0dae4 (webtiles) character file.

Game seed: 11208440415228237484

10217 crazypyro the Cleaver (level 11, -7/100 HPs)
             Began as a Minotaur Fighter on Jan 27, 2022.
             Was an Elder of Okawaru.
             Killed from afar by an oklob plant (16 damage)
             ... with a splash of acid
             ... on level 2 of the Lair of Beasts.
             The game lasted 00:17:33 (11650 turns).

crazypyro the Cleaver (Minotaur Fighter)           Turns: 11650, Time: 00:17:34

Health: -7/100     AC: 16    Str: 31    XL:     11   Next: 33%
Magic:  20/20      EV:  9    Int: 10    God:    Okawaru [****..]
Gold:   305        SH: 11    Dex: 10    Spells: 10/10 levels left

rFire   . . .      SeeInvis .   a - +3 war axe (freeze)
rCold   . . .      Faith    .   c - +0 buckler
rNeg    . . .      Spirit   .   p - +0 plate armour
rPois   .          Reflect  +   y - +3 hat of Pondering {ponderous, Will+ MP+10 Int+5}
rElec   .          Harm     .   h - +1 cloak
rCorr   .          Rampage  .   H - +0 pair of gloves {Stlth+}
Will    +....                   I - +1 pair of boots {Fly}
Stlth   ..........              D - amulet of reflection
HPRegen 0.26/turn               w - +6 ring of strength
MPRegen 0.17/turn               (no ring)

@: corroded, flying, slow
A: horns 2, retaliatory headbutt
a: Renounce Religion, Heroism, Finesse


You were on level 2 of the Lair of Beasts.
You worshipped Okawaru.
Okawaru was greatly pleased with you.
You visited 3 branches of the dungeon, and saw 11 of its levels.

You collected 544 gold pieces.
You spent 239 gold pieces at shops.

Inventory:

Hand Weapons
 a - a +3 war axe of freezing (weapon)
 n - a +0 vorpal broad axe
 E - the +8 whip "Snakebite" {venom, curare, rPois}
   (You found it on level 1 of the Lair of Beasts)

   It poisons the flesh of those it strikes.
   It occasionally inflicts asphyxiating poison on those it strikes, dealing
   poison damage and causing slowness.
   rPois:     It protects you from poison.
Armour
 c - a +0 buckler (worn)
 h - a +1 cloak (worn)
 k - a scarf of shadows
 p - a +0 plate armour (worn)
 t - a +0 pair of boots
 y - the +3 hat of Pondering (worn) {ponderous, Will+ MP+10 Int+5}
   (You took it off Gastronok on level 1 of the Lair of Beasts)

   Int:       It affects your intelligence (+5).
   MP:        It affects your magic capacity (+10).
   Will:      It increases your willpower.
 H - a +0 pair of gloves of stealth (worn)
 I - a +1 pair of boots of flying (worn)
Jewellery
 l - a ring of ice
 o - an amulet of magic regeneration
 w - a +6 ring of strength (left hand)
 D - an amulet of reflection (around neck)
 J - a ring of see invisible
Wands
 B - a wand of charming (8)
 G - a wand of iceblast (5)
Scrolls
 e - 2 scrolls of amnesia
 q - 2 scrolls of magic mapping
 x - a scroll of identify
 A - a scroll of blinking {unknown}
 C - a scroll of enchant armour {unknown}
 F - 2 scrolls of teleportation
Potions
 b - 3 potions of lignification {unknown}
 d - 2 potions of haste
 f - 3 potions of cancellation
 g - a potion of mutation {unknown}
 i - 3 potions of brilliance
 j - 2 potions of attraction {unknown}
 m - 2 potions of heal wounds
 r - a potion of invisibility {unknown}
 s - a potion of curing {unknown}
 u - a potion of might
 v - a potion of degeneration {unknown}
 z - a potion of magic {unknown}


   Skills:
 + Level 10.3 Fighting
 * Level 13.0 Axes
 + Level 10.3 Armour
 - Level 5.0 Dodging
 - Level 9.6 Shields


You had 10 spell levels left.
You didn't know any spells.
Your spell library contained the following spells:

 Spells                   Type           Power      Damage    Failure   Level
 Apportation              Tloc           0%         N/A       97%         1
 Shock                    Conj/Air       0%         1d3       97%         1
 Sublimation of Blood     Necr           0%         N/A       99%         2
 Wereblood                Tmut           0%         N/A       99%         2
 Conjure Flame            Conj/Fire      0%         6-21      100%        3
 Ignite Poison            Fire/Tmut/Pois 0%         N/A       100%        3
 Swiftness                Air            0%         N/A       100%        3
 Airstrike                Air            0%         N/A       100%        4
 Sticky Flame             Conj/Fire      0%         2d3       100%        4
 Eringya's Noxious Bog    Tmut/Pois      0%         N/A       100%        6
 Animate Skeleton         Necr           Unusable   N/A       N/A         1
 Summon Small Mammal      Summ           Unusable   N/A       N/A         1
 Call Canine Familiar     Summ           Unusable   N/A       N/A         3
 Summon Guardian Golem    Hex/Summ       Unusable   N/A       N/A         3
 Summon Forest            Summ/Tloc      Unusable   N/A       N/A         5
 Summon Hydra             Summ           Unusable   N/A       N/A         7

Dungeon Overview and Level Annotations

Branches:
Dungeon (8/15)             Temple (1/1) D:7            Lair (2/6) D:8
  Swamp: Lair:2-4    Shoals: Lair:2-4     Snake: Lair:2-4    Spider: Lair:2-4

Altars:
Ashenzari
Cheibriados
Dithmenos
Fedhas
Gozag
Hepliaklqana
Makhleb
Nemelex Xobeh
Okawaru
Qazlal
Ru
Trog
Uskayaw
Vehumet
Wu Jian
Xom
Yredelemnul
Zin
The Shining One

Shops:
D:3 *

Annotations:
Lair:2 3 runed translucent doors, exclusion: 2 oklob plants, Desusah's ghost, journeyman DrCA


Innate Abilities, Weirdness & Mutations

You have a pair of horns on your head.
You reflexively headbutt those who attack you in melee.


Message History

The water moccasin hisses angrily.
You block the water moccasin's attack.
The water moccasin bites you but does no damage.
You hit the water moccasin. You freeze the water moccasin.
The water moccasin is moderately wounded.
The water moccasin bites you but does no damage.
You miss the water moccasin.
The water moccasin is moderately wounded.
You block the water moccasin's attack.
You slash the water moccasin! You freeze the water moccasin.
You headbutt the water moccasin.
You kill the water moccasin!
Okawaru accepts your kill.
You now have 305 gold pieces (gained 16).
You reach down and open the door.
An oklob plant comes into view.
The oklob plant spits acid at you.
The splash of acid hits you but does no damage.
The acid corrodes you!
Marking area around an oklob plant as unsafe for travelling.
An oklob plant comes into view.
The oklob plant spits acid at you. The splash of acid hits you!
Marking area around an oklob plant as unsafe for travelling.
There is an open door here.
Found three stone staircases leading down.
The oklob plant spits acid at you. The splash of acid hits you!!
The oklob plant spits acid at you. The splash of acid hits you!
The oklob plant spits acid at you. The splash of acid hits you!
The oklob plant spits acid at you. The splash of acid hits you!
The acid corrodes you! The oklob plant spits acid at you.
The splash of acid hits you!!
* * * LOW HITPOINT WARNING * * *
The oklob plant spits acid at you. The splash of acid hits you!
You die... ...#.....# #....###.......... ........## #...##............ ........## ##########.......## ........P# #PPPPPP#

#..<....## ........## #≈≈≈≈≈≈#
#......## .......## #≈....≈#
#.......## .......#
####......###......#.# .......#
#.##.......>#......P.P .......#
##.'.@.....>#.........
.......#####..#.......>#.........
.......#......#......###.........
......##......#≈....≈# #.........
..............#≈≈≈≈≈≈# #.........
..............#PPPPPP# #.........
..............##########.........
.................................
.....#...........†..†............


You could see 2 oklob plants.

Vanquished Creatures
  Gastronok (Lair:1)
  2 hydras
  Pikel (D:6)
  2 black mambas (Lair:1)
  A cane toad (Lair:1)
  Maggie (D:7)
  2 komodo dragons
  5 blink frogs (Lair:2)
  2 wyverns
  6 yaks
  2 steam dragons
  9 water moccasins
  3 orc warriors
  An ice beast (D:6)
  5 black bears
  2 ogres
  2 lemures (D:6)
  4 bullfrogs
  A water moccasin zombie (D:7)
  2 scorpions
  A wyvern zombie (D:8)
  A water moccasin skeleton (D:5)
  4 howler monkeys
  A centaur zombie (D:5)
  4 orc priests
  3 jellies
  A hound (D:5)
  A gnoll shaman (D:8)
  A centaur skeleton (D:7)
  An iguana (D:5)
  7 orc wizards
  A killer bee zombie (D:5)
  A howler monkey zombie (D:6)
  17 gnolls
  7 adders
  4 white imps
  An ufetubus (D:7)
  2 worms
  2 dart slugs
  21 orcs
  6 ball pythons
  4 endoplasms
  5 giant cockroaches
  7 hobgoblins
  4 jackals (D:1)
  9 kobolds
  3 quokkas
  4 bats
  A frilled lizard (D:3)
  13 goblins
  2 rats (D:1)
193 creatures vanquished.

Vanquished Creatures (others)
  A gnoll (D:6)
  63 fungi (D:8)
  90 plants
154 creatures vanquished.

Grand Total: 347 creatures vanquished

Notes
Turn   | Place    | Note
-------+----------+-------------------------------------------
     0 | D:1      | crazypyro the Minotaur Fighter began the quest for the Orb.
     0 | D:1      | Reached XP level 1. HP: 19/19 MP: 0/0
    33 | D:1      | Reached skill level 3 in Axes
   131 | D:1      | Reached XP level 2. HP: 26/26 MP: 1/1
   254 | D:1      | Reached skill level 4 in Axes
   322 | D:1      | Found a faded altar of an unknown god.
   515 | D:1      | Reached XP level 3. HP: 31/31 MP: 2/2
   964 | D:2      | Reached skill level 5 in Axes
   964 | D:2      | Reached XP level 4. HP: 35/39 MP: 3/3
  1554 | D:3      | Found a snail-covered altar of Cheibriados.
  1572 | D:3      | Reached skill level 6 in Axes
  1585 | D:3      | Reached XP level 5. HP: 5/45 MP: 4/4
  1866 | D:3      | Found Ifocoqou's Assorted Antiques.
  1882 | D:3      | Bought a scroll labelled SEFOUBU VAGG for 15 gold pieces
  2700 | D:4      | Reached skill level 7 in Axes
  3373 | D:5      | Entered Level 5 of the Dungeon
  3390 | D:4      | Reached XP level 6. HP: 45/51 MP: 5/5
  3530 | D:5      | Reached skill level 8 in Axes
  3850 | D:5      | Reached skill level 9 in Axes
  3870 | D:5      | Reached XP level 7. HP: 57/57 MP: 6/6
  4342 | D:6      | Found a hide-covered altar of Uskayaw.
  4393 | D:6      | Noticed a steam dragon
  4409 | D:6      | Killed a steam dragon
  4410 | D:6      | Reached skill level 1 in Dodging
  4651 | D:6      | Noticed Pikel
  4674 | D:6      | Killed Pikel
  4675 | D:6      | Reached skill level 5 in Fighting
  4675 | D:6      | Reached skill level 10 in Axes
  4675 | D:6      | Reached skill level 5 in Armour
  4675 | D:6      | Reached skill level 5 in Shields
  4675 | D:6      | Reached XP level 8. HP: 14/68 MP: 7/7
  5485 | D:6      | Found a basalt altar of Yredelemnul.
  6194 | D:7      | Reached XP level 9. HP: 68/75 MP: 8/8
  6267 | D:7      | Found a staircase to the Ecumenical Temple.
  6325 | Temple   | Entered the Ecumenical Temple
  6347 | Temple   | Became a worshipper of Warmaster Okawaru
  7092 | D:7      | Reached skill level 5 in Dodging
  7100 | D:7      | Noticed Maggie
  7112 | D:7      | HP: 3/78 [Maggie/bolt of fire (21)]
  7115 | D:7      | Killed Maggie
  7700 | D:8      | Reached * piety under Okawaru
  7973 | D:8      | Reached XP level 10. HP: 49/88 MP: 9/9
  8110 | D:8      | Reached skill level 11 in Axes
  8174 | D:8      | Found a staircase to the Lair.
  8659 | Lair:1   | Entered Level 1 of the Lair of Beasts
  8789 | Lair:1   | Reached ** piety under Okawaru
  9119 | Lair:1   | Noticed Gastronok
  9143 | Lair:1   | Killed Gastronok
  9143 | Lair:1   | Reached *** piety under Okawaru
  9285 | Lair:1   | Noticed a cane toad
  9291 | Lair:1   | Killed a cane toad
  9382 | Lair:1   | Noticed a four-headed hydra
  9417 | Lair:1   | Killed a seven-headed hydra
  9478 | Lair:1   | Noticed a black mamba
  9484 | Lair:1   | Killed a black mamba
  9484 | Lair:1   | Reached **** piety under Okawaru
  9555 | Lair:1   | Reached skill level 12 in Axes
  9851 | Lair:1   | Noticed a black mamba
  9858 | Lair:1   | Killed a black mamba
  9946 | Lair:1   | Found the +8 whip "Snakebite" {venom, curare, rPois}
 10265 | Lair:2   | Reached XP level 11. HP: 99/99 MP: 10/10
 10286 | Lair:2   | Noticed a five-headed hydra
 10310 | Lair:2   | Killed a 14-headed hydra
 10311 | Lair:2   | Reached skill level 10 in Fighting
 10311 | Lair:2   | Reached skill level 10 in Armour
 10972 | D:3      | Bought a pair of embroidered gloves for 112 gold pieces
 10972 | D:3      | Bought a pair of runed boots for 112 gold pieces
 11236 | Lair:2   | Reached skill level 13 in Axes
 11467 | Lair:2   | Found a runed translucent gate.
 11467 | Lair:2   | Found a runed translucent gate.
 11467 | Lair:2   | Found a runed translucent gate.
 11468 | Lair:2   | Noticed Desusah's ghost (journeyman DrCA)
 11645 | Lair:2   | Noticed an oklob plant
 11646 | Lair:2   | Noticed an oklob plant
 11650 | Lair:2   | Killed from afar by an oklob plant

Illustrated notes

Levels and vault maps discovered:
D:1:      lemuel_arrival_hallway, layout_loops_ring,
          chequers_ecumenical_altar_grove
D:2:      layout_rooms, lightli_corner_chamber
D:3:      layout_loops_cross, cheibrodos_worm_habitat, serial_shops, shop,
          serial_aquarium, aquarium_bridge_long_joined [aquarium_subvault_wall,
          aquarium_subvault_balcony, aquarium_subvault_window,
          aquarium_subvault_bridge, aquarium_subvault_bridge,
          aquarium_subvault_window], aquarium_bridge_square
          [aquarium_subvault_bridge, aquarium_subvault_bridge,
          aquarium_subvault_wall, aquarium_subvault_window], aquarium_window_2,
          aquarium_window_1, aquarium_view_2e
D:4:      layout_cave_pools
D:5:      layout_loops_ring, uniq_menkaure
D:6:      layout_basic, mainiacjoe_overflow_catwalk_spiral, kennysheep_boxes,
          uniq_pikel
D:7:      nicolae_cairo_tiling_very_big, layout_gridville, temple_hall,
          uniq_maggie
D:8:      layout_loops_ring, due_lair_maze_entry_diamond
Temple:   eino_temple_scatter_basement
Lair:1:   minmay_guarded_unrand_snakebite, layout_gridlike, minmay_holes,
          uniq_gastronok
Lair:2:   dpeg_oklob_gauntlet, layout_hall_layers, gammafunk_ghost_necromancy

Skill      XL: |  1  2  3  4  5  6  7  8  9 10 11 |
---------------+----------------------------------+-----
Axes           | 3 4 5 6 7 9 10 12 13 | 13.0
Dodging        | 2 4 5 |  5.0
Fighting       | 5 6 8 9 10 | 10.3
Armour         | 5 6 8 9 10 | 10.3
Shields        | 5 6 8 9 |  9.6

Action                   |  1- 3 |  4- 6 |  7- 9 | 10-12 || total
-------------------------+-------+-------+-------+-------++-------
Melee: War axe           |    66 |   128 |   210 |   134 ||   538
       Headbutt          |     9 |    13 |    40 |    29 ||    91
Invok: Heroism           |       |       |     1 |     2 ||     3
  Use: Potion            |       |     1 |     2 |       ||     3
       Scroll            |       |    11 |     4 |     2 ||    17
Armor: Scale mail        |    32 |    11 |       |       ||    43
       Chain mail        |       |    49 |    14 |       ||    63
       Plate armour      |       |       |    80 |    63 ||   143
Dodge: Dodged            |    28 |    57 |    60 |    44 ||   189
Block: Buckler           |    11 |    39 |    28 |    44 ||   122

Table legend: (Time is in decaauts)
 A = Elapsed time spent in this place.
 B = Non-inter-level travel time spent in this place.
 C = Inter-level travel time spent in this place.
 D = Time resting spent in this place.
 E = Time spent auto-exploring this place.
 F = Levels seen in this place.
 G = Mean time per level.
                   A        B        C        D        E       F      G
               +--------+--------+--------+--------+--------+-----+--------+
         Total |  11874 |  11173 |    701 |      0 |   9702 |  11 | 1079.5 |
       Dungeon |   8757 |   8282 |    475 |      0 |   7104 |   8 | 1094.6 |
        Temple |    220 |    201 |     19 |      0 |    174 |   1 |  220.0 |
          Lair |   2895 |   2689 |    206 |      0 |   2424 |   2 | 1447.5 |
               +--------+--------+--------+--------+--------+-----+--------+

Top non-repeatable levels by time:
     D:6: 1952 daAuts
  Lair:1: 1646 daAuts
     D:7: 1279 daAuts
     D:3: 1266 daAuts
  Lair:2: 1249 daAuts
     D:8: 1091 daAuts
     D:5: 838 daAuts
     D:4: 836 daAuts
     D:1: 768 daAuts
     D:2: 725 daAuts
  Temple: 220 daAuts
